| TOP OF THE 1ST |
|
Tacoma Rainiers batting - Pitching for Rochester Red Wings : LHP Matt Walton
|
|
Pitching: LHP Matt Walton
|
|
|
Batting: RHB Rick Ellis
|
0-0: Ball 1-0: Ball 2-0: Called Strike 2-1: Foul Ball, location: 2F 2-2: Reached on error, E5 (Groundball, 56, EV 103.8 MPH)
|
|
Batting: RHB Enrique Valdez
|
0-0: Ball 1-0: Called Strike 1-1: Swinging Strike 1-2: Foul Ball, location: 2F 1-2: Strikes out looking
|
|
Batting: RHB Brad Robidas
|
0-0: Ball 1-0: Ball Wild Pitch! Rick Ellis to third 2-0: Ground out 6-3 (Groundball, 6, EV 105.0 MPH) Rick Ellis scores
|
|
Batting: RHB Josh Ruhl
|
0-0: Called Strike 0-1: Fly out, F8 (Flyball, 8LD, EV 98.1 MPH)
|
| Top of the 1st over - 1 run, 0 hits, 1 error, 0 left on base; Tacoma 1 - Rochester 0 |
| BOTTOM OF THE 1ST |
|
Rochester Red Wings batting - Pitching for Tacoma Rainiers : RHP Luis Castro
|
|
Pitching: RHP Luis Castro
|
|
|
Batting: RHB Joe Young
|
0-0: Ball 1-0: Ball 2-0: Swinging Strike 2-1: Ball 3-1: Called Strike 3-2: Base on Balls
|
|
Batting: SHB Ian Thompson
|
0-0: Called Strike Joe Young steals 2nd base (no throw) 0-1: Ball 1-1: Foul Ball, location: 2F 1-2: DOUBLE (Flyball, 89XD, EV 110.6 MPH) Joe Young scores
|
|
Batting: LHB Chaim Huting
|
0-0: Ground out 5-3 (Groundball, 5L, EV 107.5 MPH)
|
|
Batting: SHB Dan Morataya
|
0-0: Foul Ball, location: 2F 0-1: Called Strike 0-2: Ball 1-2: Ball 2-2: Ball 3-2: Fly out, F8 (Flyball, 8RD, EV 105.0 MPH)
|
|
Batting: LHB Chris Munguia
|
0-0: Ball 1-0: Ball 2-0: Ball 3-0: Called Strike 3-1: Base on Balls
|
|
Batting: RHB Manuel Juarez
|
0-0: Ball 1-0: Called Strike 1-1: Swinging Strike 1-2: Ball 2-2: Ball 3-2: Fly out, F9 (Line Drive, 9LS, EV 87.5 MPH)
|
| Bottom of the 1st over - 1 run, 1 hit, 0 errors, 2 left on base; Tacoma 1 - Rochester 1 |
| TOP OF THE 2ND |
|
Tacoma Rainiers batting - Pitching for Rochester Red Wings : LHP Matt Walton
|
|
Batting: RHB Chris Olheiser
|
0-0: Called Strike 0-1: Swinging Strike 0-2: Strikes out looking
|
|
Batting: SHB Ray Skogen
|
0-0: Called Strike 0-1: Ball 1-1: Foul Ball, location: 2F 1-2: Foul Ball, location: 2F 1-2: Strikes out swinging
|
|
Batting: RHB Max Schellekens
|
0-0: Foul Ball, location: 2F 0-1: Ball 1-1: Ball 2-1: Foul Ball, location: 2F 2-2: Ball 3-2: Base on Balls
|
|
Batting: RHB Zach Downs
|
0-0: Ball 1-0: SINGLE (Groundball, 6MD, EV 107.5 MPH) Max Schellekens to second
|
|
Batting: RHB Kagetoki Kawai
|
0-0: Called Strike 0-1: Called Strike 0-2: Ball 1-2: Strikes out swinging
|
| Top of the 2nd over - 0 runs, 1 hit, 0 errors, 2 left on base; Tacoma 1 - Rochester 1 |
| BOTTOM OF THE 2ND |
|
Rochester Red Wings batting - Pitching for Tacoma Rainiers : RHP Luis Castro
|
|
Batting: SHB Manny Molina
|
0-0: Foul Ball, location: 2F 0-1: Called Strike 0-2: Ball 1-2: Ball 2-2: Foul Ball, location: 2F 2-2: SINGLE (Line Drive, 9LS, EV 107.5 MPH)
|
|
Batting: RHB Mike Craver
|
0-0: Ball 1-0: Ball 2-0: Called Strike 2-1: Foul Ball, location: 2F 2-2: SINGLE (Groundball, 4MD, EV 94.4 MPH) Manny Molina to second Manny Molina to third
|
|
Batting: RHB Ryan Gautney
|
0-0: Ball Mike Craver steals 2nd base 1-0: Foul Ball, location: 2F 1-1: Ground out 5-3 (Groundball, 56S, EV 90.6 MPH) Manny Molina scores
|
|
Batting: RHB Joe Young
|
0-0: Ground out 4-3 (Groundball, 4, EV 81.9 MPH) Mike Craver to third
|
|
Batting: SHB Ian Thompson
|
0-0: Ground out U3 (Groundball, 3, EV 86.9 MPH)
|
| Bottom of the 2nd over - 1 run, 2 hits, 0 errors, 1 left on base; Tacoma 1 - Rochester 2 |
| TOP OF THE 3RD |
|
Tacoma Rainiers batting - Pitching for Rochester Red Wings : LHP Matt Walton
|
|
Batting: RHB Rick Ellis
|
0-0: Ball 1-0: Ball 2-0: Ball 3-0: Swinging Strike 3-1: Called Strike 3-2: Foul Ball, location: 2F 3-2: Strikes out looking
|
|
Batting: RHB Enrique Valdez
|
0-0: SINGLE (Groundball, 56D, EV 95.0 MPH)
|
|
Batting: RHB Brad Robidas
|
0-0: Ball 1-0: Ball 2-0: Called Strike 2-1: Ball 3-1: Foul Ball, location: 2F 3-2: Base on Balls Enrique Valdez to second
|
|
Batting: RHB Josh Ruhl
|
0-0: Called Strike 0-1: Ball 1-1: Swinging Strike 1-2: Ball 2-2: Strikes out looking
|
|
Batting: RHB Chris Olheiser
|
0-0: Ball 1-0: Called Strike 1-1: Called Strike 1-2: Ball 2-2: Strikes out swinging
|
| Top of the 3rd over - 0 runs, 1 hit, 0 errors, 2 left on base; Tacoma 1 - Rochester 2 |
| BOTTOM OF THE 3RD |
|
Rochester Red Wings batting - Pitching for Tacoma Rainiers : RHP Luis Castro
|
|
Batting: LHB Chaim Huting
|
0-0: Foul Ball, location: 2F 0-1: Foul Ball, location: 2F 0-2: Ground out 5-3 (Groundball, 56S, EV 88.1 MPH)
|
|
Batting: SHB Dan Morataya
|
0-0: Ball 1-0: Ground out 3-1 (Groundball, 34, EV 106.2 MPH)
|
|
Batting: LHB Chris Munguia
|
0-0: Called Strike 0-1: Foul Ball, location: 2F 0-2: Ball 1-2: Strikes out swinging
|
| Bottom of the 3rd over - 0 runs, 0 hits, 0 errors, 0 left on base; Tacoma 1 - Rochester 2 |
| TOP OF THE 4TH |
|
Tacoma Rainiers batting - Pitching for Rochester Red Wings : LHP Matt Walton
|
|
Pitching: RHP Matthew Lange
|
|
|
Batting: SHB Ray Skogen
|
0-0: Ball 1-0: Ground out 6-3 (Groundball, 6M, EV 102.5 MPH)
|
|
Batting: RHB Max Schellekens
|
0-0: Foul Ball, location: 2F 0-1: Swinging Strike 0-2: Ball 1-2: Foul Ball, location: 2F 1-2: Strikes out swinging
|
|
Batting: RHB Zach Downs
|
0-0: Ball 1-0: Ball 2-0: Swinging Strike 2-1: Ball 3-1: Base on Balls
|
|
Batting: RHB Kagetoki Kawai
|
0-0: Called Strike 0-1: Foul Ball, location: 2F 0-2: Ball 1-2: Ball 2-2: Ball 3-2: Ground out 4-3 (Groundball, 34S, EV 87.5 MPH)
|
| Top of the 4th over - 0 runs, 0 hits, 0 errors, 1 left on base; Tacoma 1 - Rochester 2 |
| BOTTOM OF THE 4TH |
|
Rochester Red Wings batting - Pitching for Tacoma Rainiers : RHP Luis Castro
|
|
Batting: RHB Manuel Juarez
|
0-0: Called Strike 0-1: Ground out 6-3 (Groundball, 6S, EV 82.5 MPH)
|
|
Batting: SHB Manny Molina
|
0-0: Bunt for hit to 3S - play at first, batter OUT! 3-4
|
|
Batting: RHB Mike Craver
|
0-0: Called Strike 0-1: Ball 1-1: Ball 2-1: Ball 3-1: Swinging Strike 3-2: Base on Balls
|
|
Batting: RHB Ryan Gautney
|
0-0: Called Strike 0-1: Ball 1-1: Ball 2-1: Reached on error, E5 (Groundball, 56S, EV 76.2 MPH) Mike Craver to second
|
|
Batting: RHB Joe Young
|
0-0: Swinging Strike 0-1: Fielders Choice at 2nd, U6 (Groundball, 6M, EV 105.0 MPH)
|
| Bottom of the 4th over - 0 runs, 0 hits, 1 error, 2 left on base; Tacoma 1 - Rochester 2 |
| TOP OF THE 5TH |
|
Tacoma Rainiers batting - Pitching for Rochester Red Wings : RHP Matthew Lange
|
|
Batting: RHB Rick Ellis
|
0-0: Called Strike 0-1: Ball 1-1: Called Strike 1-2: Strikes out swinging
|
|
Batting: RHB Enrique Valdez
|
0-0: Ball 1-0: Fly out, F4 (Popup, 23, EV 88.1 MPH)
|
|
Batting: RHB Brad Robidas
|
0-0: Called Strike 0-1: Ball 1-1: Foul Ball, location: 2F 1-2: Ball 2-2: Strikes out swinging
|
| Top of the 5th over - 0 runs, 0 hits, 0 errors, 0 left on base; Tacoma 1 - Rochester 2 |
| BOTTOM OF THE 5TH |
|
Rochester Red Wings batting - Pitching for Tacoma Rainiers : RHP Luis Castro
|
|
Batting: SHB Ian Thompson
|
0-0: Foul Ball, location: 2F 0-1: Swinging Strike 0-2: Ball 1-2: Foul Ball, location: 2F 1-2: Ball 2-2: Ground out U3 (Groundball, 3L, EV 89.4 MPH)
|
|
Batting: LHB Chaim Huting
|
0-0: Ball 1-0: Foul Ball, location: 2F 1-1: Called Strike 1-2: Ball 2-2: Strikes out swinging
|
|
Batting: SHB Dan Morataya
|
0-0: Called Strike 0-1: Foul Ball, location: 2F 0-2: SOLO HOME RUN (Flyball, 9D, EV 99.4 MPH), Distance : 394 ft
|
|
Batting: LHB Chris Munguia
|
0-0: Foul Ball, location: 2F 0-1: Ground out 1-3 (Groundball, 34S, EV 73.8 MPH)
|
| Bottom of the 5th over - 1 run, 1 hit, 0 errors, 0 left on base; Tacoma 1 - Rochester 3 |
| TOP OF THE 6TH |
|
Tacoma Rainiers batting - Pitching for Rochester Red Wings : RHP Matthew Lange
|
|
Batting: RHB Josh Ruhl
|
0-0: Called Strike 0-1: Ball 1-1: Ball 2-1: Ground out 6-3 (Groundball, 6D, EV 102.5 MPH)
|
|
Batting: RHB Chris Olheiser
|
0-0: Ball 1-0: Called Strike 1-1: Ball 2-1: Called Strike 2-2: Foul Ball, location: 2F 2-2: Strikes out swinging
|
|
Batting: SHB Ray Skogen
|
0-0: Ball 1-0: Ball 2-0: Called Strike 2-1: Swinging Strike 2-2: Strikes out swinging
|
| Top of the 6th over - 0 runs, 0 hits, 0 errors, 0 left on base; Tacoma 1 - Rochester 3 |
| BOTTOM OF THE 6TH |
|
Rochester Red Wings batting - Pitching for Tacoma Rainiers : RHP Luis Castro
|
|
Batting: RHB Manuel Juarez
|
0-0: Foul Ball, location: 2F 0-1: Ball 1-1: Ball 2-1: Swinging Strike 2-2: Foul Ball, location: 2F 2-2: Foul Ball, location: 2F 2-2: Ball 3-2: Base on Balls
|
|
Pitching: RHP Sid Lampone
|
|
|
Batting: SHB Manny Molina
|
0-0: Called Strike 0-1: Ball Manuel Juarez steals 2nd base 1-1: Ball 2-1: Ball 3-1: Called Strike 3-2: Strikes out swinging
|
|
Batting: RHB Mike Craver
|
0-0: Ball 1-0: Swinging Strike 1-1: Called Strike 1-2: Foul Ball, location: 2F 1-2: Ball 2-2: Ball 3-2: Fly out, F8 (Flyball, 8RD, EV 90.0 MPH)
|
|
Batting: RHB Ryan Gautney
|
0-0: Called Strike 0-1: Ball 1-1: Foul Ball, location: 2F 1-2: SINGLE (Line Drive, 78M, EV 90.6 MPH) Manuel Juarez to third Runner from 3rd tries for Home, throw by CF and OUT! 8-2
|
| Bottom of the 6th over - 0 runs, 1 hit, 0 errors, 1 left on base; Tacoma 1 - Rochester 3 |
| TOP OF THE 7TH |
|
Tacoma Rainiers batting - Pitching for Rochester Red Wings : RHP Matthew Lange
|
|
Pitching: RHP Justin Gorden
|
|
|
Batting: RHB Max Schellekens
|
0-0: Ball 1-0: Ball 2-0: Foul Ball, location: 2F 2-1: Ball 3-1: Fly out, F9 (Line Drive, 9, EV 86.9 MPH)
|
|
Batting: RHB Zach Downs
|
0-0: Called Strike 0-1: Ball 1-1: Foul Ball, location: 2F 1-2: Foul Ball, location: 2F 1-2: Foul Ball, location: 2F 1-2: Ball 2-2: Foul Ball, location: 2F 2-2: Strikes out swinging
|
|
Batting: RHB Kagetoki Kawai
|
0-0: Called Strike 0-1: Swinging Strike 0-2: Ball 1-2: Ball 2-2: Foul Ball, location: 2F 2-2: Strikes out swinging
|
| Top of the 7th over - 0 runs, 0 hits, 0 errors, 0 left on base; Tacoma 1 - Rochester 3 |
| BOTTOM OF THE 7TH |
|
Rochester Red Wings batting - Pitching for Tacoma Rainiers : RHP Sid Lampone
|
|
Batting: RHB Joe Young
|
0-0: Ball 1-0: Ball 2-0: Swinging Strike 2-1: Ball 3-1: Ground out 5-3 (Groundball, 56S, EV 78.8 MPH)
|
|
Batting: SHB Ian Thompson
|
0-0: Called Strike 0-1: Foul Ball, location: 2F 0-2: Foul Ball, location: 2F 0-2: Ball 1-2: Ball 2-2: Ball 3-2: Strikes out looking
|
|
Batting: LHB Chaim Huting
|
0-0: Ball 1-0: Foul Ball, location: 2F 1-1: Ground out 4-3 (Groundball, 4, EV 84.4 MPH)
|
| Bottom of the 7th over - 0 runs, 0 hits, 0 errors, 0 left on base; Tacoma 1 - Rochester 3 |
| TOP OF THE 8TH |
|
Tacoma Rainiers batting - Pitching for Rochester Red Wings : RHP Justin Gorden
|
|
Batting: RHB Rick Ellis
|
0-0: Ball 1-0: Foul Ball, location: 2F 1-1: Ball 2-1: Ball 3-1: Foul Ball, location: 2F 3-2: Foul Ball, location: 2F 3-2: Strikes out swinging
|
|
Pinch Hitting: LHB Josh Pittman
|
0-0: Ball 1-0: Ball 2-0: Fly out, F9 (Flyball, 9S, EV 80.0 MPH)
|
|
Batting: RHB Brad Robidas
|
0-0: Fly out, F9 (Flyball, 9S, EV 75.6 MPH)
|
| Top of the 8th over - 0 runs, 0 hits, 0 errors, 0 left on base; Tacoma 1 - Rochester 3 |
| BOTTOM OF THE 8TH |
|
Rochester Red Wings batting - Pitching for Tacoma Rainiers : RHP Sid Lampone
|
|
Pitching: RHP David Lane
|
|
|
Now at 1B: Josh Pittman
|
|
|
Now at 2B: Zach Downs
|
|
|
Batting: SHB Dan Morataya
|
0-0: Ball 1-0: Ball 2-0: Foul Ball, location: 2F 2-1: Ball 3-1: Fly out, F8 (Flyball, 8LM, EV 95.0 MPH)
|
|
Batting: LHB Chris Munguia
|
0-0: Ball 1-0: Called Strike 1-1: Swinging Strike 1-2: Fly out, F9 (Flyball, 9LSF, EV 95.0 MPH)
|
|
Batting: RHB Manuel Juarez
|
0-0: Called Strike 0-1: Swinging Strike 0-2: Strikes out looking
|
| Bottom of the 8th over - 0 runs, 0 hits, 0 errors, 0 left on base; Tacoma 1 - Rochester 3 |
| TOP OF THE 9TH |
|
Tacoma Rainiers batting - Pitching for Rochester Red Wings : RHP Justin Gorden
|
|
Pitching: RHP Mark Case
|
|
|
Now at 2B: Joe Young
|
|
|
Now at 3B: Ryan Gautney
|
|
|
Now at SS: Dan Grable
|
|
|
Now in CF: Juan Espinoza
|
|
|
Batting: RHB Josh Ruhl
|
0-0: Ground out 5-3 (Groundball, 56, EV 90.0 MPH)
|
|
Pinch Hitting: LHB Ryan Lowe
|
0-0: Called Strike 0-1: Ball 1-1: Ball 2-1: Ball 3-1: Ground out 5-3 (Groundball, 6, EV 88.8 MPH)
|
|
Batting: SHB Ray Skogen
|
0-0: SINGLE (Groundball, 5D, EV 102.5 MPH)
|
|
Batting: RHB Max Schellekens
|
0-0: Ball 1-0: Ball 2-0: Ball 3-0: Called Strike 3-1: Fielders Choice at 2nd, 6-4 (Groundball, 6, EV 83.8 MPH)
|
| Top of the 9th over - 0 runs, 1 hit, 0 errors, 1 left on base; Tacoma 1 - Rochester 3 |
|